 Dungeon Crawl Stone Soup version 0.29.1-12-g30fa7ad0bf (webtiles) character file.

Game seed: 15256438553513084842

1192 hawla the Frost Mage (level 9, -3/64 HPs)
             Began as a Meteoran Ice Elementalist on Jan 10, 2023.
             Was a Follower of Jiyva.
             Slain by an ice beast (14 damage)
             ... on level 7 of the Dungeon.
             The game lasted 00:11:03 (1028 turns).

hawla the Frost Mage (Meteoran Ice Elementalist)    Turns: 1028, Time: 00:11:04

Health: -3/64      AC:  2    Str: 11    XL:     9   Next: 2%
Magic:  9/22       EV: 13    Int: 20    God:    Jiyva [*.....]
Gold:   77         SH:  0    Dex: 15    Spells: 16/24 levels left

rFire   . . .      SeeInvis .   (no weapon)
rCold   . . .      Faith    .   (no shield)
rNeg    . . .      Spirit   .   a - +0 robe
rPois   .          Reflect  .   (no helmet)
rElec   .          Harm     .   (no cloak)
rCorr   .          Rampage  .   (no gloves)
Will    ++...                   (no boots)
Stlth   +.........              (no amulet)
HPRegen 1.00/turn               d - ring of willpower
MPRegen 0.43/turn               (no ring)

@: mighty, freezing walls, glowing
A: sense surroundings 2, otherworldly, glowing, explore regen
a: Renounce Religion


You were on level 7 of the Dungeon.
You worshipped Jiyva.
Jiyva was aware of your devotion.
You visited 1 branch of the dungeon, and saw 7 of its levels.
You also visited: Sewer.

You collected 77 gold pieces.

Inventory:

Armour
 a - a +0 robe (worn)
 l - a +0 helmet
Jewellery
 d - a ring of willpower (left hand)
 j - a ring of positive energy
Scrolls
 e - a scroll of poison
 g - a scroll of identify {unknown}
 k - a scroll of teleportation {unknown}
 m - a scroll of fear {unknown}
Potions
 b - a potion of magic
 c - 2 potions of might
 f - 3 potions of degeneration {unknown}
 h - 2 potions of haste {unknown}
 i - a potion of cancellation {unknown}


   Skills:
 + Level 1.0 Fighting
 + Level 3.2 Dodging
 - Level 1.4 Stealth
 + Level 8.2 Spellcasting
 + Level 2.0 Conjurations
 + Level 8.6 Ice Magic


You had 16 spell levels left.
You knew the following spells:

 Your Spells              Type           Power      Damage    Failure   Level
a - Freeze                Ice            100%       1d11      1%          1
b - Frozen Ramparts       Ice            84%        1d13      1%          3
c - Hailstorm             Conj/Ice       29%        3d8       10%         4

Your spell library contained the following spells:

 Spells                   Type           Power      Damage    Failure   Level
 Ozocubu's Armour         Ice            42%        N/A       1%          3


Dungeon Overview and Level Annotations

Branches:
Dungeon (7/15) Zot: 3379    Sewer (visited)
 Temple: D:4-7

Altars:


Innate Abilities, Weirdness & Mutations

You passively map the area around you.
You are easily found by Zot.
You glow in the dark.
You regain HP and MP as you explore.


Message History

Deactivating autopickup; reactivate with Ctrl-A.
You aren't carrying any items that you can evoke.
The air fills with toxic fumes!
As you read the scroll labelled HEELOICRIGAV, it crumbles to dust.
It was a scroll of poison.
The wall freezes the wyvern.
You kill the wyvern!
The wall freezes the ogre.
You kill the ogre!
The wall freezes something but does no damage.
Something hits you but does no damage.
The wall freezes the yak.
The ice beast completely resists.
The wall freezes the ice beast but does no damage.
The ice beast hits you. The ice beast freezes you.
Your Fighting skill increases to level 1!
Your Spellcasting skill increases to level 8!
You have reached level 9!
Your experience leads to an increase in your attributes!
Increase (S)trength, (I)ntelligence, or (D)exterity?
You feel clever. x2; You feel agile.
Your attunement to dungeon structure grows.
Casting: Freeze (safe; 1% risk of failure)
Confirm with . or Enter, or press ? or * to list all spells.
Aiming: Freeze (safe; 1% risk of failure)
Press: ? - help, Shift-Dir - straight line You freeze something.
Reactivating autopickup.
You feel a bit more experienced.
A troll comes into view.
The ice beast completely resists.
The wall freezes the ice beast but does no damage.
The ice beast hits you. The ice beast freezes you!
* * * LOW HITPOINT WARNING * * *
It was a potion of might.
You feel very mighty all of a sudden.
The troll is engulfed in poison gas.
The troll is poisoned.
The wall freezes the ice beast but does no damage.
The ice beast hits you.
* * * LOW HITPOINT WARNING * * *
The ice beast freezes you!
You die...

* * * * * * ,
, * * , , , ,
, , * * ,###
, * , * ,
,,§§ , ,,, *
, , #Y # * *
§## #§###§#
** , ,
*§T§§§#Y))§§#
, , * ,
#§§§†@# , , ,
, * #§###§#,
,* * , * ,
,,§§# , * ,
,§§§§ ,, ,
§§§§§, , *
#§####§ * **
#§ *§ * #
§#** , * *, *
*


You could see a yak, a troll (poisoned) and an ice beast.

Vanquished Creatures
  A wyvern (D:7)
  Menkaure (D:6)
  A water moccasin (D:6)
  2 black bears (D:4)
  An ogre (D:7)
  2 centaurs (D:6)
  A scorpion (D:5)
  2 jellies (Sewer)
  A gnoll bouda (D:4)
  An orc priest (D:4)
  2 orc wizards
  7 gnolls (D:4)
  3 adders
  A river rat (Sewer)
  2 worms
  A dart slug (D:4)
  6 orcs (D:4)
  2 bats
  7 endoplasms
  5 giant cockroaches
  2 hobgoblins (D:2)
  2 kobolds
  2 quokkas (D:4)
  6 ball pythons
  3 frilled lizards (Sewer)
  3 goblins
  5 rats
72 creatures vanquished.

Vanquished Creatures (others)
  2 scorpions (D:4)
  An adder (D:6)
  An endoplasm (D:4)
  2 quokkas (D:4)
  2 ball pythons
  A kobold (D:4)
  A rat (Sewer)
10 creatures vanquished.

Grand Total: 82 creatures vanquished

Notes
Turn   | Place    | Note
-------+----------+-------------------------------------------
     0 | D:1      | hawla the Meteoran Ice Elementalist began the quest for the
                  | Orb.
     0 | D:1      | Reached XP level 1. HP: 14/14 MP: 5/5
    86 | D:2      | Reached XP level 2. HP: 16/20 MP: 4/6
   126 | D:4      | Reached skill level 5 in Ice Magic
   150 | D:4      | Noticed a black bear
   167 | D:3      | Reached XP level 3. HP: 26/26 MP: 4/8
   179 | D:3      | Found a glowing drain.
   210 | D:3      | Learned a level 3 spell: Frozen Ramparts
   232 | Sewer    | Entered a sewer
   300 | Sewer    | Reached XP level 4. HP: 27/33 MP: 5/10
   355 | Sewer    | Reached XP level 5. HP: 38/38 MP: 3/11
   384 | Sewer    | Found a viscous altar of Jiyva.
   394 | Sewer    | Became a worshipper of Jiyva Jucom the Shapeless
   461 | D:4      | Killed a black bear
   462 | D:4      | Reached XP level 6. HP: 43/45 MP: 7/14
   558 | D:4      | Reached skill level 5 in Spellcasting
   803 | D:4      | Noticed a black bear
   808 | D:4      | Killed a black bear
   809 | D:4      | Reached XP level 7. HP: 44/50 MP: 10/16
   848 | D:4      | Learned a level 4 spell: Hailstorm
   897 | D:5      | Entered Level 5 of the Dungeon
   908 | D:5      | Reached * piety under Jiyva
   934 | D:6      | Noticed Menkaure
   938 | D:6      | Noticed a water moccasin
   942 | D:6      | Killed Menkaure
   943 | D:6      | Reached XP level 8. HP: 30/58 MP: 10/19
  1020 | D:7      | Noticed a wyvern
  1024 | D:7      | Noticed a yak
  1026 | D:7      | Killed a wyvern
  1027 | D:7      | Reached skill level 1 in Fighting
  1027 | D:7      | Gained mutation: You passively map the area around you.
                  | [Meteoran growth]
  1027 | D:7      | Reached XP level 9. HP: 25/64 MP: 9/22
  1027 | D:7      | Noticed a troll
  1028 | D:7      | Slain by an ice beast

Illustrated notes

Levels and vault maps discovered:
D:1:      minmay_arrival_open_corners, layout_basic,
          shapermc_ecumenical_altar_flowoftime, serial_shops,
          nicolae_shop_stone, nicolae_shop_bloodbath_and_beyond,
          nicolae_shop_crystal, nicolae_shop_statue_plus, minmay_ruptured
D:2:      layout_basic, basic_altar, minmay_split_cup_large, uniq_jessica
D:3:      layout_loops_cross, vehumet_statue, cheibrodos_sewer_entry_drain,
          uniq_sigmund
D:4:      layout_layer_cave
D:5:      layout_basic, minivault_11, uniq_duvessa, uniq_eustachio
D:6:      minmay_evil_eye, layout_basic, nicolae_overflow_hidden_temple,
          pdpol_temple_overflow_zin_treasury_gozag_greed,
          lemuel_coloured_pillars_altar, minmay_temple_entry_butterflies,
          hex_tiny, uniq_pikel, uniq_menkaure
D:7:      hangedman_cross_stitches, layout_loops_ring, enter_bailey_7

Skill      XL: |  1  2  3  4  5  6  7  8 |
---------------+-------------------------+-----
Ice Magic      | 5 6 7 8 |  8.6
Spellcasting   | 3 4 5 6 8 |  8.2
Dodging        | 3 |  3.2
Conjurations   | 2 |  2.0
Fighting       | 1 |  1.0
Stealth        | |  1.4

Action                   |  1- 3 |  4- 6 |  7- 9 || total
-------------------------+-------+-------+-------++-------
Melee: Unarmed           |    13 |     9 |     1 ||    23
 Cast: Freeze            |    32 |    27 |    28 ||    87
       Frozen Ramparts   |     3 |     7 |     6 ||    16
       Hailstorm         |       |       |     2 ||     2
  Use: Scroll            |       |       |     1 ||     1
       Potion            |       |       |     1 ||     1
Armor: Robe              |     8 |    11 |     5 ||    24
Dodge: Dodged            |    20 |    22 |    29 ||    71
